 Dungeon Crawl Stone Soup version 0.24-a0-93-ge1bfdf8 (console) character file.

Game seed: 10159995434657085039

55 Voker57 the Slasher (level 3, -1/28 HPs)
             Began as a Demonspawn Gladiator on Feb 11, 2019.
             Shot with an arrow by a centaur (8 damage)
             ... on level 2 of the Dungeon.
             The game lasted 00:01:10 (756 turns).

Voker57 the Slasher (Demonspawn Gladiator)           Turns: 756, Time: 00:01:11

Health: -1/28      AC:  7    Str: 14    XL:     3   Next: 67%
Magic:  3/3        EV: 13    Int:  9    God:
Gold:   59         SH:  0    Dex: 15    Spells: 2/2 levels left

rFire    . . .     SeeInvis .   a - +0 long sword
rCold    + . .     Gourm    .   (no shield)
rNeg     . . .     Faith    .   b - +0 leather armour
rPois    .         Spirit   .   c - +0 helmet
rElec    .         Reflect  .   (no cloak)
rCorr    .         Harm     .   e - +0 pair of gloves
MR       .....                  (no boots)
Stlth    +.........             (no amulet)
HPRegen  0.09/turn              (no ring)
MPRegen  0.08/turn              (no ring)

@: no status effects
A: icy blue scales 1, cold resistance 1
a: no special abilities


You were on level 2 of the Dungeon.
You were not hungry.

You visited 1 branch of the dungeon, and saw 2 of its levels.

You collected 59 gold pieces.

Inventory:

Hand Weapons
 a - a +0 long sword (weapon)
Missiles
 d - 3 throwing nets (quivered)
Armour
 b - a +0 leather armour (worn)
 c - a +0 helmet (worn)
 e - a +0 pair of gloves (worn)
Jewellery
 k - an uncursed ring of ice
Wands
 m - a wand of paralysis (7)
Scrolls
 g - a scroll of identify
 h - a scroll of noise {unknown}
 i - 3 scrolls of teleportation {unknown}
 l - a scroll of enchant weapon {unknown}
Potions
 j - 2 potions of curing {unknown}
Comestibles
 f - 3 rations


   Skills:
 + Level 2.6 Fighting
 * Level 3.6 Long Blades
 - Level 1.7 Throwing
 + Level 3.1 Dodging


You had 2 spell levels left.
You didn't know any spells.
Your spell library was empty.

Dungeon Overview and Level Annotations

Branches:
Dungeon (2/15)

Altars:


Innate Abilities, Weirdness & Mutations

You are partially covered in icy blue scales. (AC +2)
Your flesh is cold resistant. (rC+)


Message History

The frilled lizard is severely wounded.
The frilled lizard misses you.
The frilled lizard bites you but does no damage.
You slash the frilled lizard!
You kill the frilled lizard!
A centaur comes into view.
A centaur is nearby!
A centaur is nearby!
The centaur wields a +0 shortbow.
The centaur shoots an arrow.
The arrow hits you.
You see here an arrow.
The centaur shoots an arrow.
The arrow hits you but does no damage.
The centaur shoots an arrow.
The arrow hits you.
You see here 2 arrows.
The centaur shoots an arrow.
The arrow closely misses you.
The centaur shoots an arrow.
The arrow hits you!
You see here an arrow.
The centaur shoots an arrow.
The arrow hits you!
* * * LOW HITPOINT WARNING * * *
The centaur shoots an arrow.
The arrow hits you!
You die...

.########.#######.### #.#
.# #.# #.....# #<# .#
#.#####.###.#### #.# .#
#.#.....# #....####.#####
##
#.#.###.###.##.##.>......
#.# #...........#.#####
#.# ########.####.#
######.####.#
#.###(.((.......#####
#.c.@.###...........#
####### #..###..###.#
#..# #..# #.# #†.#
#..###.# #..# #...##.#
########..# #.#.##.#
..........# #...##.#
########.## ######.#
#.#########.#
#...........#


You could see a centaur.

Vanquished Creatures
  2 adders (D:2)
  A dart slug (D:1)
  A ball python (D:1)
  A giant cockroach (D:1)
  3 goblins (D:1)
  4 hobgoblins (D:1)
  9 jackals
  3 bats
  3 frilled lizards
  3 kobolds (D:1)
  A rat (D:1)
31 creatures vanquished.

Notes
Turn   | Place    | Note
-------+----------+-------------------------------------------
     0 | D:1      | Voker57 the Demonspawn Gladiator began the quest for the
                  | Orb.
     0 | D:1      | Reached XP level 1. HP: 16/16 MP: 1/1
    91 | D:1      | Gained mutation: Your flesh is cold resistant. (rC+)
                  | [demonic ancestry]
    91 | D:1      | Reached XP level 2. HP: 21/22 MP: 2/2
   375 | D:1      | Gained mutation: You are partially covered in icy blue
                  | scales. (AC +2) [demonic ancestry]
   375 | D:1      | Reached XP level 3. HP: 28/28 MP: 3/3
   751 | D:2      | Noticed a centaur
   756 | D:2      | Shot with an arrow by a centaur

Levels and vault maps discovered:
D:1:      mrwooster_arrival_statue_3, layout_basic, minivault_27
D:2:      layout_loops_ring, roderic_three_in_a_row, hangedman_glass_garden

Skill      XL: |  1  2 |
---------------+-------+-----
Long Blades    | 3 |  3.6
Dodging        | 3 |  3.1
Fighting       | |  2.6
Throwing       | |  1.7

Action                   || total
-------------------------++-------
Melee: Long sword        ||    82
  Use: Scroll            ||     1
Armor: Leather armour    ||    34
Dodge: Dodged            ||    63
       Rpst.: Long sword ||    20

Table legend:
 A = Non-vault XP
 B = Vault XP
 C = Vault XP percentage of total XP
 D = Non-vault monster count
 E = Vault monster count
 F = Vault count percentage of total count
                 A         B        C        D         E       F
            +---------+---------+-------+---------+---------+-------
      Total |      79 |       0 |   0.0 |      31 |       0 |   0.0
            +---------+---------+-------+---------+---------+-------
        D:1 |      44 |       0 |   0.0 |      23 |       0 |   0.0
        D:2 |      35 |       0 |   0.0 |       8 |       0 |   0.0
            +---------+---------+-------+---------+---------+-------
